 Dungeon Crawl Stone Soup version 0.31.0-9-g3a7656b989 (webtiles) character file.

Game seed: 2940435870825693775

353 qw the Shooter (level 6, 0/32 HPs)
             Began as a Spriggan Hunter on Feb 2, 2024.
             Succumbed to a water moccasin's poison
             ... on level 4 of the Dungeon.
             The game lasted 00:00:08 (2511 turns).

qw the Shooter (Spriggan Hunter)                    Turns: 2511, Time: 00:00:09

Health: 0/32       AC:  2    Str:  7    XL:     6   Next: 35%
Magic:  7/7        EV: 21    Int: 10    God:
Gold:   183        SH:  0    Dex: 21    Spells: 5/5 levels left

rFire   . . .        a - +0 shortbow
rCold   . . .        (shield currently unavailable)
rNeg    . . .        c - +0 robe
rPois   .            (helmet restricted)
rElec   .            (no cloak)
rCorr   .            (gloves unavailable)
SInv    +            (boots unavailable)
Will    +....        (no amulet)
Stlth   ++           e - +4 ring of slaying {mikee}
HPRegen 0.25/turn    (no ring)
MPRegen 0.10/turn

%: no passive effects
@: lethally poisoned (0 -> -1), very quick
A: very small, no large weapons, unfitting armour, see invisible, speed 3
a: no special abilities


You were on level 4 of the Dungeon.
You visited 1 branch of the dungeon, and saw 4 of its levels.

You collected 183 gold pieces.


Innate Abilities, Weirdness & Mutations

You are very small and have problems with some larger weapons.
You are too small for most types of armour.
You have supernaturally acute eyesight. (SInv)
You cover ground extremely quickly. (Speed+++)


   Skills:
 - Level 2.8 Fighting
 - Level 6.1 Ranged Weapons
 + Level 5.4 Dodging
 - Level 1.5 Stealth


You had 5 spell levels left.
You didn't know any spells.
Your spell library was empty.

Inventory:

Hand Weapons
 a - a +0 shortbow (weapon)
Armour
 c - a +0 robe (worn)
Jewellery
 e - a +4 ring of slaying (left hand) {mikee}
Wands
 d - a wand of charming (7)
Potions
 b - a potion of enlightenment {unknown}
 f - a potion of invisibility {unknown}
 g - a potion of resistance {unknown}
 i - a potion of might {unknown}

Dungeon Overview and Level Annotations

Branches:
Dungeon (4/15)
 Temple: D:4-7

Altars:
Gozag


Message History

You shoot an arrow. The arrow hits the water moccasin!
The water moccasin is moderately wounded.
You shoot an arrow. The arrow hits the water moccasin.
The water moccasin is heavily wounded.
You shoot an arrow. The arrow hits the water moccasin!
The water moccasin is almost dead.
You shoot an arrow.
The arrow barely misses the water moccasin.
The water moccasin misses you. The water moccasin barely misses you.
You shoot an arrow.
The arrow completely misses the water moccasin.
The water moccasin barely misses you.
You shoot an arrow.
The arrow closely misses the water moccasin.
The water moccasin bites you!
You are poisoned.
The water moccasin poisons you! The water moccasin bites you.
You shoot an arrow. The arrow hits the water moccasin.
The water moccasin is almost dead.
You feel very sick. The water moccasin closely misses you.
You shoot an arrow. The arrow hits the water moccasin.
You kill the water moccasin!
You feel very sick.
Your Ranged Weapons skill increases to level 6!
You have reached level 6!
There is a lethal amount of poison in your body!
You feel sick.
There is a lethal amount of poison in your body!
You feel sick.
There is a lethal amount of poison in your body!
You feel sick.
There is a lethal amount of poison in your body!
You feel sick.
There is a lethal amount of poison in your body!
You feel sick.
There is a lethal amount of poison in your body!
You feel sick.
There is a lethal amount of poison in your body!
You die...

#%#####.# #...#
####...%...# #...#
#....##.##.#####...#####
.....##.#...........<...
......................>.
.....#..#...............
#....#.###.#####...#####
####..(....# #........
###.##### #@..####. #.#
#...# #.# #.....# #.#
#...#.# #.# !.....# ..#
..#.... ## ........
.....#.##


There were no monsters in sight!

Vanquished Creatures
  A water moccasin (D:4)
  An ogre (D:4)
  An iguana (D:4)
  3 adders
  4 gnolls (D:4)
  2 dart slugs
  2 ribbon worms (D:2)
  2 orcs
  6 ball pythons
  8 bats
  3 endoplasms
  2 giant cockroaches
  3 goblins
  6 hobgoblins
  3 jackals (D:1)
  2 quokkas
  4 frilled lizards
  3 kobolds
  5 rats
61 creatures vanquished.

Notes
Turn   | Place    | Note
-------+----------+-------------------------------------------
     0 | D:1      | qw the Spriggan Hunter began the quest for the Orb.
     0 | D:1      | Reached XP level 1. HP: 10/10 MP: 2/2
     0 | D:1      | 0 ||| qw: Version: 0.3-a-155-g5e7d8dd
     0 | D:1      | 0 ||| qw: Game counter: 1504
     0 | D:1      | 0 ||| qw: Melee chars always use a shield: true
     0 | D:1      | 0 ||| qw: God list: Okawaru
     0 | D:1      | 0 ||| qw: Allow faded altars: false
     0 | D:1      | 0 ||| qw: Do Orc after clearing Dungeon:15 true
     0 | D:1      | 0 ||| qw: Do second Lair branch before Depths: true
     0 | D:1      | 0 ||| qw: Lair rune preference: random
     0 | D:1      | 0 ||| qw: Goals: Normal
     0 | D:1      | 0 ||| PLANNING D:1-11
    90 | D:1      | Reached skill level 3 in Dodging
   283 | D:1      | Reached XP level 2. HP: 14/14 MP: 3/3
   643 | D:1      | 643 ||| READING scroll labelled FEHYEL FUOHOCW.
   744 | D:1      | 744 ||| READING scroll labelled XOUTUJ JACOT.
   745 | D:1      | 745 ||| READING scroll labelled LORAUG XENU.
   746 | D:1      | 746 ||| DROPPING scroll of butterflies.
   852 | D:2      | Reached XP level 3. HP: 9/18 MP: 4/4
   870 | D:2      | 870 ||| FLEEEEING.
   871 | D:2      | 871 ||| FLEEEEING.
  1163 | D:2      | Reached skill level 5 in Ranged Weapons
  1697 | D:2      | Reached XP level 4. HP: 21/22 MP: 5/5
  1706 | D:2      | 1706 ||| READING 2 scrolls labelled WOPTUT JAHAEGIY.
  1707 | D:2      | 1707 ||| DROPPING scroll of fear.
  1740 | D:3      | Found a faded altar of an unknown god.
  1854 | D:3      | Found an opulent altar of Gozag.
  2356 | D:3      | 2356 ||| UPGRADING to +4 ring of slaying {mikee}.
  2409 | D:4      | Noticed an ogre
  2410 | D:4      | 2410 ||| RETREEEEATING.
  2412 | D:4      | 2412 ||| RETREEEEATING.
  2414 | D:4      | 2414 ||| RETREEEEATING.
  2416 | D:4      | 2416 ||| RETREEEEATING.
  2419 | D:4      | 2419 ||| RETREEEEATING.
  2420 | D:4      | 2420 ||| RETREEEEATING.
  2421 | D:4      | 2421 ||| RETREEEEATING.
  2422 | D:4      | 2422 ||| RETREEEEATING.
  2425 | D:4      | 2425 ||| RETREEEEATING.
  2427 | D:4      | Killed an ogre
  2428 | D:4      | Reached XP level 5. HP: 28/28 MP: 6/6
  2495 | D:4      | Noticed a water moccasin
  2504 | D:4      | Killed a water moccasin
  2505 | D:4      | Reached skill level 6 in Ranged Weapons
  2505 | D:4      | Reached XP level 6. HP: 9/32 MP: 7/7
  2505 | D:4      | HP: 7/32 [poisoned by a water moccasin]
  2507 | D:4      | HP: 3/32 [poisoned by a water moccasin]
  2510 | D:4      | HP: 1/32 [poisoned by a water moccasin]
  2511 | D:4      | Succumbed to a water moccasin's poison

Levels and vault maps discovered:
D:1:      wheals_arrival_linesprint, layout_basic
D:2:      layout_basic
D:3:      layout_loops_cross, nicolae_gozag_cash_rules_everything_around_me,
          shapermc_ecumenical_altar_gd
D:4:      layout_loops_cross

Skill      XL: |  1  2  3  4  5 |
---------------+----------------+-----
Dodging        | 3 4 5 |  5.4
Ranged Weapons | 5 6 |  6.1
Fighting       | 2 |  2.8
Stealth        | |  1.5

Action                     |  1- 3 |  4- 6 || total
---------------------------+-------+-------++-------
   Fire: Shortbow          |   128 |    63 ||   191
    Use: Scroll            |     3 |     1 ||     4
 Armour: Robe              |    15 |     6 ||    21
  Dodge: Dodged            |    60 |    28 ||    88

Table legend:
 A = Non-vault XP
 B = Vault XP
 C = Vault XP percentage of total XP
 D = Non-vault monster count
 E = Vault monster count
 F = Vault count percentage of total count
                 A         B        C        D         E       F
            +---------+---------+-------+---------+---------+-------
      Total |     505 |       0 |   0.0 |      61 |       0 |   0.0
            +---------+---------+-------+---------+---------+-------
        D:1 |      33 |       0 |   0.0 |      21 |       0 |   0.0
        D:2 |      64 |       0 |   0.0 |      20 |       0 |   0.0
        D:3 |      23 |       0 |   0.0 |      11 |       0 |   0.0
        D:4 |     385 |       0 |   0.0 |       9 |       0 |   0.0
            +---------+---------+-------+---------+---------+-------
